| TOP OF THE 1ST |
|
Birmingham Barons batting - Pitching for Charlotte Hornets : RHP Timothy Kammeyer
|
|
Pitching: RHP Timothy Kammeyer
|
|
|
Batting: RHB Bob Bathe
|
0-0: Ball 1-0: Called Strike 1-1: Ball 2-1: Ball 3-1: Swinging Strike 3-2: Base on Balls
|
|
Batting: LHB Vernon Ramie
|
0-0: Called Strike Bob Bathe is caught stealing 2nd base 2-6 0-1: Ball 1-1: Swinging Strike 1-2: Strikes out swinging, 2-3 out at first.
|
|
Batting: RHB Tim Hulett
|
0-0: Swinging Strike 0-1: Foul Ball, location: 2F 0-2: Strikes out swinging
|
| Top of the 1st over - 0 runs, 0 hits, 0 errors, 0 left on base; Birmingham 0 - Charlotte 0 |
| BOTTOM OF THE 1ST |
|
Charlotte Hornets batting - Pitching for Birmingham Barons : RHP Lucien Buonaiuti
|
|
Pitching: RHP Lucien Buonaiuti
|
|
|
Batting: RHB Charles Stafford
|
0-0: Called Strike 0-1: Foul Ball, location: 2F 0-2: Ball 1-2: SINGLE (Groundball, 15S, EV 62.5 MPH) (infield hit)
|
|
Batting: RHB Juan Bonilla
|
0-0: Ball 1-0: Ball 2-0: Called Strike 2-1: Ball 3-1: Called Strike 3-2: Ground out 6-3 (Groundball, 6, EV 108.8 MPH) Charles Stafford to second
|
|
Batting: RHB Ron Johnson
|
0-0: Foul Ball, location: 2F 0-1: Foul Ball, location: 2F 0-2: SINGLE (Line Drive, 9S, EV 94.4 MPH) Charles Stafford to third Runner from 3rd tries for Home, SAFE, throw by RF to home
|
|
Batting: RHB Tom Romano
|
0-0: Foul Ball, location: 2F 0-1: Swinging Strike 0-2: Ball 1-2: Ball 2-2: Ball 3-2: Foul Ball, location: 2F 3-2: Base on Balls Ron Johnson to second
|
|
Batting: RHB Barry Lyons
|
0-0: Ball 1-0: Fly out, F7 (Line Drive, 7, EV 102.5 MPH)
|
|
Batting: LHB Jesus Diaz
|
0-0: Ground out 3-1 (Groundball, 34S, EV 71.3 MPH)
|
| Bottom of the 1st over - 1 run, 2 hits, 0 errors, 2 left on base; Birmingham 0 - Charlotte 1 |
| TOP OF THE 2ND |
|
Birmingham Barons batting - Pitching for Charlotte Hornets : RHP Timothy Kammeyer
|
|
Batting: RHB Bill R Moore
|
0-0: Ball 1-0: Ball 2-0: Foul Ball, location: 2F 2-1: Foul Ball, location: 2F 2-2: Foul Ball, location: 2F 2-2: Strikes out swinging
|
|
Batting: LHB Joe Szekely
|
0-0: Called Strike 0-1: Ball 1-1: SINGLE (Line Drive, 56D, EV 111.3 MPH)
|
|
Batting: RHB Robin Townley
|
0-0: Ball Wild Pitch! Joe Szekely to second 1-0: Foul Ball, location: 2F 1-1: Foul Ball, location: 2F 1-2: Foul Ball, location: 2F 1-2: Ground out 6-3 (Groundball, 6M, EV 82.5 MPH) Joe Szekely to third
|
|
Batting: RHB Daniel Johnson
|
0-0: Ball 1-0: Fly out, F9 (Line Drive, 9S, EV 98.8 MPH)
|
| Top of the 2nd over - 0 runs, 1 hit, 0 errors, 1 left on base; Birmingham 0 - Charlotte 1 |
| BOTTOM OF THE 2ND |
|
Charlotte Hornets batting - Pitching for Birmingham Barons : RHP Lucien Buonaiuti
|
|
Batting: RHB Alvaro Espinoza
|
0-0: Swinging Strike 0-1: Swinging Strike 0-2: Ball 1-2: Ball 2-2: Ball 3-2: Base on Balls
|
|
Batting: SHB Jose Mota
|
0-0: Ball 1-0: Foul Ball, location: 2F 1-1: Ball Passed Ball! Alvaro Espinoza to second 2-1: Foul Ball, location: 2F 2-2: Ground out 3-1 (Groundball, 34, EV 87.5 MPH) Alvaro Espinoza to third
|
|
Batting: RHB John O'Rear
|
0-0: Ball 1-0: Ball 2-0: Ball 3-0: Called Strike 3-1: Base on Balls
|
|
Batting: RHB Charles Stafford
|
0-0: Ball 1-0: Ball 2-0: Ball 3-0: Called Strike 3-1: Foul Ball, location: 2F 3-2: Foul Ball, location: 2F 3-2: Base on Balls John O'Rear to second
|
|
Batting: RHB Juan Bonilla
|
0-0: Ball 1-0: Grounds into double play, 4-6-3 (Groundball, 4, EV 76.9 MPH)
|
| Bottom of the 2nd over - 0 runs, 0 hits, 0 errors, 2 left on base; Birmingham 0 - Charlotte 1 |
| TOP OF THE 3RD |
|
Birmingham Barons batting - Pitching for Charlotte Hornets : RHP Timothy Kammeyer
|
|
Batting: SHB Giampietro Pasquetto
|
0-0: Ball 1-0: Called Strike 1-1: Ball 2-1: Ball 3-1: Called Strike 3-2: Strikes out swinging
|
|
Batting: RHB Rod Johnson
|
0-0: Called Strike 0-1: Ground out U3 (Groundball, 34S, EV 68.1 MPH)
|
|
Batting: RHB Bob Bathe
|
0-0: Ball 1-0: Called Strike 1-1: Swinging Strike 1-2: Foul Ball, location: 2F 1-2: Ball 2-2: Foul Ball, location: 2F 2-2: Strikes out swinging
|
| Top of the 3rd over - 0 runs, 0 hits, 0 errors, 0 left on base; Birmingham 0 - Charlotte 1 |
| BOTTOM OF THE 3RD |
|
Charlotte Hornets batting - Pitching for Birmingham Barons : RHP Lucien Buonaiuti
|
|
Batting: RHB Ron Johnson
|
0-0: Called Strike 0-1: Fly out, F9 (Line Drive, 9, EV 88.8 MPH)
|
|
Batting: RHB Tom Romano
|
0-0: Called Strike 0-1: Ball 1-1: Fly out, F3 (Popup, 3F, EV 77.5 MPH)
|
|
Batting: RHB Barry Lyons
|
0-0: Ball 1-0: Fly out, F9 (Flyball, 9S, EV 81.9 MPH)
|
| Bottom of the 3rd over - 0 runs, 0 hits, 0 errors, 0 left on base; Birmingham 0 - Charlotte 1 |
| TOP OF THE 4TH |
|
Birmingham Barons batting - Pitching for Charlotte Hornets : RHP Timothy Kammeyer
|
|
Batting: LHB Vernon Ramie
|
0-0: Swinging Strike 0-1: Ball 1-1: Foul Ball, location: 2F 1-2: Strikes out swinging
|
|
Batting: RHB Tim Hulett
|
0-0: Ball 1-0: Ball 2-0: Swinging Strike 2-1: SINGLE (Flyball, 34D, EV 92.5 MPH)
|
|
Batting: RHB Bill R Moore
|
0-0: Called Strike 0-1: Swinging Strike 0-2: Ball 1-2: Ball 2-2: Foul Ball, location: 2F 2-2: Reached on error, E4 (Groundball, 34, EV 110.6 MPH) Tim Hulett to second
|
|
Batting: LHB Joe Szekely
|
0-0: Called Strike 0-1: Foul Ball, location: 2F 0-2: Strikes out swinging
|
|
Batting: RHB Robin Townley
|
0-0: Ball 1-0: Ground out 6-3 (Groundball, 6S, EV 85.6 MPH)
|
| Top of the 4th over - 0 runs, 1 hit, 1 error, 2 left on base; Birmingham 0 - Charlotte 1 |
| BOTTOM OF THE 4TH |
|
Charlotte Hornets batting - Pitching for Birmingham Barons : RHP Lucien Buonaiuti
|
|
Batting: LHB Jesus Diaz
|
0-0: Called Strike 0-1: Foul Ball, location: 2F 0-2: Ground out 3-1 (Groundball, 34, EV 105.0 MPH)
|
|
Batting: RHB Alvaro Espinoza
|
0-0: Ball 1-0: Called Strike 1-1: Fly out, F6 (Popup, 6MS, EV 64.4 MPH)
|
|
Batting: SHB Jose Mota
|
0-0: Ball 1-0: Foul Ball, location: 2F 1-1: SINGLE (Flyball, 89S, EV 90.0 MPH)
|
|
Batting: RHB John O'Rear
|
0-0: Ball Jose Mota is caught stealing 2nd base 2-4
|
| Bottom of the 4th over - 0 runs, 1 hit, 0 errors, 0 left on base; Birmingham 0 - Charlotte 1 |
| TOP OF THE 5TH |
|
Birmingham Barons batting - Pitching for Charlotte Hornets : RHP Timothy Kammeyer
|
|
Batting: RHB Daniel Johnson
|
0-0: Ground out 4-3 (Groundball, 4, EV 89.4 MPH)
|
|
Batting: SHB Giampietro Pasquetto
|
0-0: Ball 1-0: Ball 2-0: Called Strike 2-1: Fly out, F8 (Flyball, 8LD, EV 91.3 MPH)
|
|
Batting: RHB Rod Johnson
|
0-0: Called Strike 0-1: Ball 1-1: Ball 2-1: Ball 3-1: Base on Balls
|
|
Batting: RHB Bob Bathe
|
0-0: Ball 1-0: Ball 2-0: Swinging Strike 2-1: Foul Ball, location: 2F 2-2: Fielders Choice at 2nd, 6-4 (Groundball, 6, EV 81.3 MPH)
|
| Top of the 5th over - 0 runs, 0 hits, 0 errors, 1 left on base; Birmingham 0 - Charlotte 1 |
| BOTTOM OF THE 5TH |
|
Charlotte Hornets batting - Pitching for Birmingham Barons : RHP Lucien Buonaiuti
|
|
Batting: RHB John O'Rear
|
0-0: Ball 1-0: Ball 2-0: Ball 3-0: Foul Ball, location: 2F 3-1: Base on Balls
|
|
Batting: RHB Charles Stafford
|
0-0: Ball 1-0: Fly out, F9 (Line Drive, 9, EV 88.1 MPH)
|
|
Batting: RHB Juan Bonilla
|
0-0: Fielders Choice at 2nd, 3-6 (Groundball, 34S, EV 91.3 MPH)
|
|
Batting: RHB Ron Johnson
|
0-0: Ball 1-0: Called Strike 1-1: Ground out 4-3 (Groundball, 4, EV 88.8 MPH)
|
| Bottom of the 5th over - 0 runs, 0 hits, 0 errors, 1 left on base; Birmingham 0 - Charlotte 1 |
| TOP OF THE 6TH |
|
Birmingham Barons batting - Pitching for Charlotte Hornets : RHP Timothy Kammeyer
|
|
Batting: LHB Vernon Ramie
|
0-0: Ball 1-0: Ball 2-0: Foul Ball, location: 2F 2-1: Foul Ball, location: 2F 2-2: Ball 3-2: Hit by Pitch
|
|
Batting: RHB Tim Hulett
|
0-0: Fielders Choice at 2nd, 6-4 (Groundball, 56, EV 103.8 MPH)
|
|
Batting: RHB Bill R Moore
|
0-0: Ball 1-0: Foul Ball, location: 2F 1-1: Foul Ball, location: 2F 1-2: Foul Ball, location: 2F 1-2: Foul Ball, location: 2F 1-2: Strikes out swinging
|
|
Batting: LHB Joe Szekely
|
0-0: Called Strike 0-1: Swinging Strike 0-2: Foul Ball, location: 2F 0-2: Ball 1-2: Foul Ball, location: 2F 1-2: Strikes out looking
|
| Top of the 6th over - 0 runs, 0 hits, 0 errors, 1 left on base; Birmingham 0 - Charlotte 1 |
| BOTTOM OF THE 6TH |
|
Charlotte Hornets batting - Pitching for Birmingham Barons : RHP Lucien Buonaiuti
|
|
Batting: RHB Tom Romano
|
0-0: Swinging Strike 0-1: Ball 1-1: Ground out 6-3 (Groundball, 6, EV 80.0 MPH)
|
|
Batting: RHB Barry Lyons
|
0-0: Foul Ball, location: 2F 0-1: Ball 1-1: Swinging Strike 1-2: Strikes out looking
|
|
Batting: LHB Jesus Diaz
|
0-0: Foul Ball, location: 2F 0-1: Ball 1-1: Foul Ball, location: 2F 1-2: Ball 2-2: Ball 3-2: Foul Ball, location: 2F 3-2: Foul Ball, location: 2F 3-2: Foul Ball, location: 2F 3-2: SINGLE (Groundball, 6MD, EV 95.0 MPH)
|
|
Batting: RHB Alvaro Espinoza
|
0-0: Ball 1-0: Called Strike 1-1: Fielders Choice at 2nd, 6-4 (Groundball, 6, EV 108.1 MPH)
|
| Bottom of the 6th over - 0 runs, 1 hit, 0 errors, 1 left on base; Birmingham 0 - Charlotte 1 |
| TOP OF THE 7TH |
|
Birmingham Barons batting - Pitching for Charlotte Hornets : RHP Timothy Kammeyer
|
|
Batting: RHB Robin Townley
|
0-0: Swinging Strike 0-1: Foul Ball, location: 2F 0-2: Ground out 6-3 (Groundball, 56, EV 85.6 MPH)
|
|
Pitching: RHP Mark Saunders
|
|
|
Batting: RHB Daniel Johnson
|
0-0: Called Strike 0-1: Foul Ball, location: 2F 0-2: Ball 1-2: Strikes out swinging
|
|
Batting: SHB Giampietro Pasquetto
|
0-0: Ball 1-0: Ball 2-0: SINGLE (Groundball, 34D, EV 98.1 MPH)
|
|
Batting: RHB Rod Johnson
|
0-0: Ball 1-0: Foul Ball, location: 2F 1-1: Foul Ball, location: 2F 1-2: Ball 2-2: Ball 3-2: Foul Ball, location: 2F 3-2: 2-RUN HOME RUN (Flyball, 7D, EV 106.9 MPH), Distance : 375 ft
|
|
Batting: RHB Bob Bathe
|
0-0: Ball 1-0: Ball 2-0: Ball 3-0: Base on Balls
|
|
Batting: LHB Vernon Ramie
|
0-0: Ball 1-0: Called Strike Bob Bathe steals 2nd base 1-1: Intentional Walk
|
|
Batting: RHB Tim Hulett
|
0-0: Ball 1-0: Swinging Strike 1-1: Ball 2-1: Foul Ball, location: 2F 2-2: Ball 3-2: Base on Balls Bob Bathe to third Vernon Ramie to second
|
|
Batting: RHB Bill R Moore
|
0-0: Ball 1-0: Called Strike 1-1: Ball 2-1: Fly out, F8 (Flyball, 89D, EV 84.4 MPH)
|
| Top of the 7th over - 2 runs, 2 hits, 0 errors, 3 left on base; Birmingham 2 - Charlotte 1 |
| BOTTOM OF THE 7TH |
|
Charlotte Hornets batting - Pitching for Birmingham Barons : RHP Lucien Buonaiuti
|
|
Batting: SHB Jose Mota
|
0-0: Ball 1-0: Ground out 5-3 (Groundball, 5, EV 82.5 MPH)
|
|
Batting: RHB John O'Rear
|
0-0: Foul Ball, location: 2F 0-1: Swinging Strike 0-2: Ball 1-2: Strikes out swinging
|
|
Batting: RHB Charles Stafford
|
0-0: Ground out 4-3 (Groundball, 4, EV 88.8 MPH)
|
| Bottom of the 7th over - 0 runs, 0 hits, 0 errors, 0 left on base; Birmingham 2 - Charlotte 1 |
| TOP OF THE 8TH |
|
Birmingham Barons batting - Pitching for Charlotte Hornets : RHP Mark Saunders
|
|
Batting: LHB Joe Szekely
|
0-0: Called Strike 0-1: Ball 1-1: Foul Ball, location: 2F 1-2: SINGLE (Flyball, 89S, EV 81.3 MPH)
|
|
Pitching: RHP Earl Weaver
|
|
|
Batting: RHB Robin Townley
|
0-0: Called Strike 0-1: Ball 1-1: Ball 2-1: Ball 3-1: Swinging Strike 3-2: Foul Ball, location: 2F 3-2: SINGLE (Groundball, 34D, EV 98.1 MPH) Joe Szekely to second Runner from 2nd tries for 3rd, SAFE, no throw by RF
|
|
Batting: RHB Daniel Johnson
|
0-0: Ball 1-0: Ball 2-0: Fly out, F8 (Flyball, 78D, EV 93.8 MPH) Runner from 3rd tags up, OUT at HOME! 8-2 Robin Townley to second
|
|
Batting: SHB Giampietro Pasquetto
|
0-0: Called Strike 0-1: Ball 1-1: Foul Ball, location: 2F 1-2: Ball 2-2: Foul Ball, location: 2F 2-2: Ground out 6-3 (Groundball, 6, EV 87.5 MPH)
|
| Top of the 8th over - 0 runs, 2 hits, 0 errors, 1 left on base; Birmingham 2 - Charlotte 1 |
| BOTTOM OF THE 8TH |
|
Charlotte Hornets batting - Pitching for Birmingham Barons : RHP Lucien Buonaiuti
|
|
Batting: RHB Juan Bonilla
|
0-0: DOUBLE (Groundball, 3L, EV 103.8 MPH)
|
|
Batting: RHB Ron Johnson
|
0-0: Fly out, F8 (Line Drive, 8RD, EV 96.9 MPH)
|
|
Batting: RHB Tom Romano
|
0-0: Called Strike 0-1: Ball 1-1: Called Strike 1-2: Ground out 6-3 (Groundball, 6, EV 89.4 MPH) Juan Bonilla to third
|
|
Batting: RHB Barry Lyons
|
0-0: Called Strike 0-1: Ball 1-1: Ball 2-1: Foul Ball, location: 2F 2-2: SINGLE (Groundball, 6MD, EV 101.3 MPH) Juan Bonilla scores
|
|
Batting: LHB Jesus Diaz
|
0-0: Ball 1-0: Ground out 4-3 (Groundball, 4, EV 80.6 MPH)
|
| Bottom of the 8th over - 1 run, 2 hits, 0 errors, 1 left on base; Birmingham 2 - Charlotte 2 |
| TOP OF THE 9TH |
|
Birmingham Barons batting - Pitching for Charlotte Hornets : RHP Earl Weaver
|
|
Pitching: RHP Jorge Solano
|
|
|
Batting: RHB Rod Johnson
|
0-0: Ball 1-0: Foul Ball, location: 2F 1-1: Foul Ball, location: 2F 1-2: Ground out 4-3 (Groundball, 4, EV 81.9 MPH)
|
|
Batting: RHB Bob Bathe
|
0-0: Called Strike 0-1: Swinging Strike 0-2: Foul Ball, location: 2F 0-2: Ball 1-2: Fly out, F7 (Line Drive, 7, EV 85.6 MPH)
|
|
Batting: LHB Vernon Ramie
|
0-0: Ball 1-0: DOUBLE (Flyball, 78D, EV 108.8 MPH)
|
|
Batting: RHB Tim Hulett
|
0-0: Ground out 6-3 (Groundball, 6, EV 92.5 MPH)
|
| Top of the 9th over - 0 runs, 1 hit, 0 errors, 1 left on base; Birmingham 2 - Charlotte 2 |
| BOTTOM OF THE 9TH |
|
Charlotte Hornets batting - Pitching for Birmingham Barons : RHP Lucien Buonaiuti
|
|
Pitching: LHP Guy Finch
|
|
|
Batting: RHB Alvaro Espinoza
|
0-0: Fly out, F9 (Flyball, 9LD, EV 105.0 MPH)
|
|
Batting: SHB Jose Mota
|
0-0: Called Strike 0-1: Ball 1-1: Foul Ball, location: 2F 1-2: Strikes out swinging
|
|
Batting: RHB John O'Rear
|
0-0: Called Strike 0-1: Ball 1-1: Foul Ball, location: 2F 1-2: Reached via error on a dropped throw from 2B, E3 (Groundball, 4, EV 103.8 MPH)
|
|
Batting: RHB Charles Stafford
|
0-0: Foul Ball, location: 2F 0-1: Swinging Strike 0-2: Strikes out swinging
|
| Bottom of the 9th over - 0 runs, 0 hits, 1 error, 1 left on base; Birmingham 2 - Charlotte 2 |
| TOP OF THE 10TH |
|
Birmingham Barons batting - Pitching for Charlotte Hornets : RHP Jorge Solano
|
|
Batting: RHB Bill R Moore
|
0-0: Ball 1-0: Foul Ball, location: 2F 1-1: Ball 2-1: Ball 3-1: Fly out, F9 (Flyball, 9LS, EV 83.1 MPH)
|
|
Batting: LHB Joe Szekely
|
0-0: Called Strike 0-1: Ball 1-1: Swinging Strike 1-2: Strikes out swinging
|
|
Batting: RHB Robin Townley
|
0-0: Called Strike 0-1: Ball 1-1: Ball 2-1: Ball 3-1: Foul Ball, location: 2F 3-2: Base on Balls
|
|
Batting: RHB Daniel Johnson
|
0-0: Ball 1-0: Swinging Strike 1-1: Foul Ball, location: 2F 1-2: Ball 2-2: Fly out, F4 (Flyball, 4D, EV 94.4 MPH)
|
| Top of the 10th over - 0 runs, 0 hits, 0 errors, 1 left on base; Birmingham 2 - Charlotte 2 |
| BOTTOM OF THE 10TH |
|
Charlotte Hornets batting - Pitching for Birmingham Barons : LHP Guy Finch
|
|
Pitching: RHP Danny Castillo
|
|
|
Batting: RHB Juan Bonilla
|
0-0: SINGLE (Groundball, 6MD, EV 98.1 MPH)
|
|
Batting: RHB Ron Johnson
|
0-0: Ball 1-0: Fly out, F9 (Line Drive, 9, EV 93.8 MPH)
|
|
Batting: RHB Tom Romano
|
0-0: Ball 1-0: Called Strike 1-1: Ball 2-1: Swinging Strike 2-2: Ball 3-2: Base on Balls Juan Bonilla to second
|
|
Batting: RHB Barry Lyons
|
0-0: Grounds into double play, 6-4-3 (Groundball, 6, EV 101.3 MPH)
|
| Bottom of the 10th over - 0 runs, 1 hit, 0 errors, 1 left on base; Birmingham 2 - Charlotte 2 |
| TOP OF THE 11TH |
|
Birmingham Barons batting - Pitching for Charlotte Hornets : RHP Jorge Solano
|
|
Pinch Hitting: RHB Anthony Veith
|
0-0: Ball 1-0: Ball 2-0: Ball 3-0: Base on Balls
|
|
Batting: RHB Rod Johnson
|
0-0: Bunt missed! 0-1: Bunted foul 0-2: Grounds into double play, 6-4-3 (Groundball, 56, EV 102.5 MPH)
|
|
Batting: RHB Bob Bathe
|
0-0: Foul Ball, location: 2F 0-1: Swinging Strike 0-2: Ball 1-2: Ball 2-2: Strikes out swinging
|
| Top of the 11th over - 0 runs, 0 hits, 0 errors, 0 left on base; Birmingham 2 - Charlotte 2 |
| BOTTOM OF THE 11TH |
|
Charlotte Hornets batting - Pitching for Birmingham Barons : RHP Danny Castillo
|
|
Now at 2B: James Wallace
|
|
|
Batting: LHB Jesus Diaz
|
0-0: Called Strike 0-1: Ball 1-1: Ball 2-1: Swinging Strike 2-2: Foul Ball, location: 2F 2-2: Foul Ball, location: 2F 2-2: Ball 3-2: Foul Ball, location: 2F 3-2: Foul Ball, location: 2F 3-2: Base on Balls
|
|
Batting: RHB Alvaro Espinoza
|
0-0: Sac Bunt to 5S - play at first, batter OUT! 5-4 Jesus Diaz to second
|
|
Batting: SHB Jose Mota
|
0-0: Hit by Pitch
|
|
Pinch Hitting: LHB Steve Macko
|
0-0: Called Strike 0-1: Swinging Strike 0-2: Fielders Choice at 2nd, 5-4 (Groundball, 5, EV 88.8 MPH) Jesus Diaz to third
|
|
Batting: RHB Charles Stafford
|
0-0: Called Strike 0-1: Swinging Strike 0-2: Ball 1-2: Ball 2-2: Strikes out swinging
|
| Bottom of the 11th over - 0 runs, 0 hits, 0 errors, 2 left on base; Birmingham 2 - Charlotte 2 |
| TOP OF THE 12TH |
|
Birmingham Barons batting - Pitching for Charlotte Hornets : RHP Jorge Solano
|
|
Pitching: RHP Charles Hatcher
|
|
|
Now at 3B: Steve Macko
|
|
|
Batting: LHB Vernon Ramie
|
0-0: Foul Ball, location: 2F 0-1: Ball 1-1: Swinging Strike 1-2: Strikes out swinging
|
|
Batting: RHB Tim Hulett
|
0-0: Foul Ball, location: 2F 0-1: Ball 1-1: Reached on error, E5 (Groundball, 56, EV 100.6 MPH)
|
|
Batting: RHB Bill R Moore
|
0-0: Ball 1-0: Foul Ball, location: 2F 1-1: Swinging Strike 1-2: Foul Ball, location: 2F 1-2: Ball 2-2: Ball 3-2: Foul Ball, location: 2F 3-2: Foul Ball, location: 2F 3-2: Foul Ball, location: 2F 3-2: Foul Ball, location: 2F 3-2: Foul Ball, location: 2F 3-2: SINGLE (Line Drive, 4M, EV 108.8 MPH) Tim Hulett to second
|
|
Batting: LHB Joe Szekely
|
0-0: Called Strike 0-1: Swinging Strike 0-2: Strikes out swinging
|
|
Batting: RHB Robin Townley
|
0-0: Ball 1-0: Ball 2-0: Swinging Strike 2-1: Ball 3-1: SINGLE (Line Drive, 7S, EV 105.6 MPH) Tim Hulett to third Bill R Moore to second
|
|
Batting: RHB Daniel Johnson
|
0-0: Foul Ball, location: 2F 0-1: Ball 1-1: Foul Ball, location: 2F 1-2: Strikes out swinging
|
| Top of the 12th over - 0 runs, 2 hits, 1 error, 3 left on base; Birmingham 2 - Charlotte 2 |
| BOTTOM OF THE 12TH |
|
Charlotte Hornets batting - Pitching for Birmingham Barons : RHP Danny Castillo
|
|
Batting: RHB Juan Bonilla
|
0-0: Ball 1-0: Fly out, F9 (Flyball, 9D, EV 103.1 MPH)
|
|
Batting: RHB Ron Johnson
|
0-0: Ball 1-0: Ball 2-0: Foul Ball, location: 2F 2-1: Swinging Strike 2-2: Ball 3-2: Strikes out swinging
|
|
Batting: RHB Tom Romano
|
0-0: Ball 1-0: Foul Ball, location: 2F 1-1: Reached on error, E6 (Groundball, 6, EV 86.9 MPH)
|
|
Batting: RHB Barry Lyons
|
0-0: Ball 1-0: Swinging Strike 1-1: Foul Ball, location: 2F Balk! Tom Romano to second 1-2: Ball 2-2: Strikes out looking
|
| Bottom of the 12th over - 0 runs, 0 hits, 1 error, 1 left on base; Birmingham 2 - Charlotte 2 |
| TOP OF THE 13TH |
|
Birmingham Barons batting - Pitching for Charlotte Hornets : RHP Charles Hatcher
|
|
Pitching: RHP Roger Begue
|
|
|
Pinch Hitting: RHB Jim Wilson
|
0-0: Called Strike 0-1: Ball 1-1: Ball 2-1: SINGLE (Groundball, 4MD, EV 94.4 MPH)
|
|
Batting: RHB Rod Johnson
|
0-0: Bunt missed! 0-1: Bunted foul 0-2: Ball 1-2: Foul Ball, location: 2F 1-2: Ball 2-2: Ball 3-2: Base on Balls Jim Wilson to second
|
|
Batting: RHB Bob Bathe
|
0-0: Called Strike 0-1: Ball 1-1: Foul Ball, location: 2F 1-2: Foul Ball, location: 2F 1-2: Ball 2-2: Foul Ball, location: 2F 2-2: Foul Ball, location: 2F 2-2: DOUBLE (Line Drive, 7LS, EV 97.5 MPH) Jim Wilson scores Rod Johnson to third
|
|
Batting: LHB Vernon Ramie
|
0-0: Intentional Walk
|
|
Batting: RHB Tim Hulett
|
0-0: Called Strike 0-1: Ball 1-1: Swinging Strike 1-2: Ball 2-2: Strikes out looking
|
|
Batting: RHB Bill R Moore
|
0-0: Foul Ball, location: 2F 0-1: Ball 1-1: Ball 2-1: Fly out, F9 (Flyball, 89S, EV 88.8 MPH)
|
|
Pitching: RHP James Green
|
|
|
Batting: LHB Joe Szekely
|
0-0: Swinging Strike 0-1: Ball 1-1: Called Strike 1-2: Strikes out swinging
|
| Top of the 13th over - 1 run, 2 hits, 0 errors, 3 left on base; Birmingham 3 - Charlotte 2 |
| BOTTOM OF THE 13TH |
|
Charlotte Hornets batting - Pitching for Birmingham Barons : RHP Danny Castillo
|
|
Now at 2B: Jeffrey Hardy
|
|
|
Batting: LHB Jesus Diaz
|
0-0: Swinging Strike 0-1: Swinging Strike 0-2: Ball 1-2: Ball 2-2: SINGLE (Groundball, 4M, EV 108.1 MPH) (infield hit)
|
|
Pitching: RHP Joe Guerrero
|
|
|
Batting: RHB Alvaro Espinoza
|
0-0: Called Strike 0-1: Bunted foul 0-2: Ball 1-2: Ball 2-2: Ball 3-2: Grounds into double play, 4-6-3 (Groundball, 4, EV 82.5 MPH)
|
|
Batting: SHB Jose Mota
|
0-0: Ball 1-0: Called Strike 1-1: Ball 2-1: Ball 3-1: Fly out, F8 (Flyball, 78XD, EV 96.3 MPH)
|
| Bottom of the 13th over - 0 runs, 1 hit, 0 errors, 0 left on base; Birmingham 3 - Charlotte 2 |
|